 Dungeon Crawl Stone Soup version 0.20-a0-270-g8e735b6 (webtiles) character file.

109 Gorice the Bolt Thrower (level 5, -2/29 HPs)
             Began as a Kobold Arcane Marksman on Dec 10, 2016.
             Was an Initiate of Okawaru.
             Slain by Natasha (5 damage)
             ... on level 3 of the Dungeon.
             The game lasted 00:10:51 (2610 turns).

Gorice the Bolt Thrower (Kobold Arcane Marksman)    Turns: 2610, Time: 00:10:52

Health: -2/29      AC:  7    Str:  8    XL:     5   Next: 13%
Magic:  6/6        EV: 13    Int: 20    God:    Okawaru [......]
Gold:   88         SH:  0    Dex: 15    Spells: 3/6 levels left

rFire  . . .     SeeInvis .     b - +0 hand crossbow
rCold  . . .     Gourm    .     m - +0 ring mail
rNeg   . . .     Faith    .     (shield restricted)
rPois  .         Spirit   .     (no helmet)
rElec  .         Reflect  .     (no cloak)
rCorr  .         Harm     .     (no gloves)
MR     .....                    (no boots)
Stlth  +.........               (no amulet)
                                (no ring)
                                (no ring)

@: brilliant, slowed, very slow
A: slimy green scales 1, carnivore 3
a: Renounce Religion


You were on level 3 of the Dungeon.
You worshipped Okawaru.
Okawaru was noncommittal.
You were completely stuffed.

You visited 1 branch of the dungeon, and saw 3 of its levels.

You collected 88 gold pieces.

Inventory:

Hand Weapons
 a - a +0 dagger of venom
   (You found it on level 1 of the Dungeon)
 b - a +0 hand crossbow (weapon)
Missiles
 d - 10 bolts (quivered)
 Y - a throwing net
 Z - 88 stones
Armour
 e - a +0 robe
 m - a +0 ring mail (worn)
Scrolls
 j - a scroll of fear {!r}
 l - 2 scrolls of remove curse
Potions
 i - 3 potions of mutation {!q}
Books
 c - a book of Debilitation
Comestibles
 f - a meat ration {!e}
 h - 4 chunks of flesh


   Skills:
 - Level 1.1 Fighting
 + Level 4.6 Crossbows
 - Level 2.4 Dodging
 - Level 1.1 Spellcasting
 + Level 4.2 Hexes


You had 3 spell levels left.
You knew the following spells:

 Your Spells              Type           Power        Failure   Level  Hunger
a - Corona                Hex            ####...      1%          1    ##.....
b - Slow                  Hex            ####....     1%          2    ###....


Dungeon Overview and Level Annotations

Branches:
Dungeon (3/15)

Altars:
Fedhas
Makhleb
Okawaru
Uskayaw

Annotations:
D:3 Enish's ghost, amateur HuAr; Natasha


Innate Abilities, Weirdness & Mutations

You are small and have problems with some larger weapons.
You are carnivorous and can eat meat at any time.
You are partially covered in slimy green scales. (AC +2)


Message History

Firing (i - inventory. (,) - cycle):
d - 13 bolts (quivered)
Press: ? - help, Shift-Dir - straight line, f/p - Natasha
Aim: Natasha (heavily wounded)
You shoot a bolt. The bolt hits Natasha!
You kill Natasha!
Okawaru accepts your kill.
Natasha screams in fury as she dies!
You have reached level 5!
You feel agile.
d - 14 bolts (gained 2) Natasha, Servant of Life and Death comes into view.
Natasha casts a spell at you. The magic dart hits you!
* * * LOW HITPOINT WARNING * * *
Damage: 5 (max 5)
You feel yourself speed up.
Natasha stares at you and mumbles some strange words.
You feel yourself slow down.
Firing (i - inventory. (,) - cycle):
d - 14 bolts (quivered)
Press: ? - help, Shift-Dir - straight line, f - Natasha
Aim: Natasha You shoot a bolt.
The bolt hits Natasha!
Natasha is severely wounded.
Natasha drinks a potion.
Natasha is healed!
Firing (i - inventory. (,) - cycle):
d - 13 bolts (quivered)
Press: ? - help, Shift-Dir - straight line, f/p - Natasha
Aim: Natasha You shoot a bolt.
The bolt hits Natasha but does no damage.
Natasha casts a spell at you. The magic dart hits you!
* * * LOW HITPOINT WARNING * * *
Damage: 3 (max 5) Firing (i - inventory. (,) - cycle):
d - 12 bolts (quivered)
Press: ? - help, Shift-Dir - straight line, f/p - Natasha
Aim: Natasha You shoot a bolt.
The bolt closely misses Natasha.
Natasha claws you!
* * * LOW HITPOINT WARNING * * *
Damage: 7 (max 7) It was a potion of brilliance.
You feel clever all of a sudden.
Natasha stares at you and mumbles some strange words.
The magic dart hits you!
Firing (i - inventory. (,) - cycle):
d - 11 bolts (quivered)
Press: ? - help, Shift-Dir - straight line, f/p - Natasha
Aim: Natasha You shoot a bolt.
The bolt hits Natasha.
Natasha is moderately wounded.
Natasha completely misses you. Natasha claws you.
You die...

###
#.##########################
#..........@h.(((...........
#.##.###############.######
#.#..# #..# #.#.## ##h#
#.#.######## #.#
#.#.#......# #..
#>.........# ....
#.#.#.#.#..# ....
#.#.#.._...# .%...


You could see Natasha.

Vanquished Creatures
  Natasha (D:3)
  3 adders
  2 oozes
  A dart slug (D:1)
  4 orcs (D:2)
  3 giant cockroaches (D:2)
  4 goblins
  5 hobgoblins
  3 jackals (D:1)
  A ball python (D:2)
  6 bats
  5 frilled lizards
  3 kobolds
  3 rats (D:2)
44 creatures vanquished.

Notes
Turn   | Place    | Note
-------+----------+-------------------------------------------
     0 | D:1      | Gorice the Kobold Arcane Marksman began the quest for the Orb.
     0 | D:1      | Reached XP level 1. HP: 12/12 MP: 2/2
   254 | D:1      | Reached XP level 2. HP: 13/16 MP: 3/3
   259 | D:1      | Reached skill level 3 in Crossbows
   801 | D:2      | Reached XP level 3. HP: 19/20 MP: 4/4
   812 | D:2      | Found a burning altar of Makhleb.
   829 | D:2      | HP: 6/20 [poisoned by an adder]
   837 | D:2      | HP: 4/20 [poisoned by an adder]
   845 | D:2      | HP: 2/20 [poisoned by an adder]
  1046 | D:2      | HP: 6/20 [poisoned by an adder]
  1052 | D:2      | HP: 8/30 [poisoned by an adder]
  1060 | D:2      | HP: 7/30 [poisoned by an adder]
  1414 | D:2      | Found a hide-covered altar of Uskayaw.
  1416 | D:2      | Found an iron altar of Okawaru.
  1426 | D:2      | Became a worshipper of Warmaster Okawaru
  1615 | D:2      | Reached XP level 4. HP: 24/25 MP: 5/5
  1622 | D:2      | Reached skill level 4 in Crossbows
  1789 | D:2      | Gained mutation: You are partially covered in slimy green scales. (AC +2) [potion of beneficial mutation]
  2105 | D:3      | Reached skill level 4 in Hexes
  2130 | D:3      | Noticed an ogre
  2238 | D:3      | Learned a level 2 spell: Slow
  2397 | D:3      | Noticed Enish's ghost (amateur HuAr)
  2399 | D:3      | Noticed Natasha
  2507 | D:3      | Found a blossoming altar of Fedhas.
  2596 | D:3      | Killed Natasha
  2596 | D:3      | Reached XP level 5. HP: 16/29 MP: 3/6
  2603 | D:3      | Noticed Natasha
  2608 | D:3      | HP: 3/29 [Natasha (7)]
  2610 | D:3      | Slain by Natasha

Vault maps used:
D:1:      erik_arrival_blinker_ship, grunt_decor_cap
D:2:      gammafunk_temple_overflow_forgotten
D:3:      cheibrodos_greedy_goblins, lemuel_crystal_altar, lemuel_doored_altar,
          nicolae_overflow_crystal_walls, first_bread, uniq_natasha

Skill      XL: |  1  2  3  4 |
---------------+-------------+-----
Crossbows      | 3 4 |  4.6
Hexes          | 4 |  4.2
Fighting       | |  1.1
Dodging        | |  2.4
Spellcasting   | |  1.1

Action                   |  1- 3 |  4- 6 || total
-------------------------+-------+-------++-------
Melee: Dagger            |    25 |    64 ||    89
 Fire: Hand crossbow     |    44 |    10 ||    54
 Cast: Corona            |     3 |     3 ||     6
       Slow              |       |     1 ||     1
  Use: Scroll            |     2 |     3 ||     5
       Potion            |     2 |     2 ||     4
  Eat: Chunk             |    10 |     4 ||    14
Armor: Ring mail         |    10 |    22 ||    32
Dodge: Dodged            |    46 |    48 ||    94

Table legend:
 A = Turns spent in this place as a percentage of turns spent in the entire game.
 B = Non-inter-level travel turns spent in this place as a percentage of non-inter-level travel turns spent in the entire game.
 C = Inter-level travel turns spent in this place as a percentage of turns spent in this place.
 D = Turns resting spent in this place as a percentage of non-inter-level travel turns spent in this place.
 E = Turns spent auto-exploring this place as a percentage of non-inter-level travel turns spent in this place.
 F = Non-inter-level travel turns spent in this place divided by the number of levels of this place that you've seen.
                   A       B       C       D       E      F
               +-------+-------+-------+-------+-------+----------------------
         Total | 100.0 | 100.0 |   0.8 |   4.5 |   3.3 | 254.0
       Dungeon | 100.0 | 100.0 |   0.8 |   4.5 |   3.3 | 254.0
               +-------+-------+-------+-------+-------+----------------------

Vault maps used:
D:1:      erik_arrival_blinker_ship, grunt_decor_cap
D:2:      gammafunk_temple_overflow_forgotten
D:3:      cheibrodos_greedy_goblins, lemuel_crystal_altar, lemuel_doored_altar,
          nicolae_overflow_crystal_walls, first_bread, uniq_natasha
